 Dungeon Crawl Stone Soup version 0.30.0-29-ga12c61a403 (webtiles) character file.

Game seed: 10409492757631517400

162 qw the Chopper (level 5, -9/32 HPs)
             Began as a Gargoyle Fighter on June 3, 2023.
             Mangled by an ogre
             ... wielding a +0 giant club
              (27 damage)
             ... on level 4 of the Dungeon.
             The game lasted 00:01:17 (2806 turns).

qw the Chopper (Gargoyle Fighter)                   Turns: 2806, Time: 00:01:18

Health: -9/32      AC: 13    Str: 21    XL:     5   Next: 43%
Magic:  5/5        EV:  8    Int:  9    God:
Gold:   251        SH:  5    Dex: 15    Spells: 4/4 levels left

rFire   . . .        Y - +0 war axe
rCold   x . .        c - +0 buckler
rNeg    + + .        q - +0 chain mail
rPois   inf          (no helmet)
rElec   +            (no cloak)
rCorr   .            (no gloves)
SInv    .            (no boots)
Will    +....        b - amulet of Souriqed {Faith Regen+} Stlth
                     g - ring of positive energy
HPRegen 1.05/turn    o - +6 ring of dexterity
MPRegen 0.09/turn

%: faith
@: unable to drink
A: sickness immunity, AC +4, negative energy resistance 1, electricity
resistance, torment resistance 1, petrification resistance, strong-willed 1,
cold vulnerability 1, inability to drink after injury 1
a: no special abilities


You were on level 4 of the Dungeon.
You visited 1 branch of the dungeon, and saw 4 of its levels.

You collected 251 gold pieces.


Innate Abilities, Weirdness & Mutations

You are immune to sickness and miasma.
Your stone body is resilient. (AC +4)
You are immune to poison.
You resist negative energy. (rN+)
You are resistant to electric shocks. (rElec)
You are resistant to unholy torment.
You are immune to petrification.
You are strong-willed. (Will+)
You are vulnerable to cold. (rC-)
You occasionally lose the ability to drink potions when taking damage.


   Skills:
 - Level 3.2 Fighting
 + Level 4.6 Axes
 - Level 3.2 Armour
 - Level 1.2 Dodging
 - Level 3.2 Shields


You had 4 spell levels left.
You didn't know any spells.
Your spell library was empty.

Inventory:

Hand Weapons
 k - a +0 flail
 Y - a +0 war axe (weapon)
Missiles
 l - 3 boomerangs (quivered)
Armour
 c - a +0 buckler (worn)
 f - the +4 plate armour "Duekhoish" {+Blink rF+ rC+}
   (You found it on level 4 of the Dungeon)

   rF:        It protects you from fire.
   rC:        It protects you from cold.
   +Blink:    It lets you blink.
 q - a +0 chain mail (worn)
Jewellery
 b - the amulet of Souriqed (around neck) {Faith Regen+}
   (You found it on level 3 of the Dungeon)

   [amulet of faith]

   It allows you to gain divine favour quickly.
   Regen:     It increases your rate of health regeneration.
 g - a ring of positive energy (left hand)
 o - a +6 ring of dexterity (right hand)
Scrolls
 a - a scroll of identify
 i - a scroll of teleportation
Potions
 d - a potion of might
 e - a potion of haste {unknown}
 h - 2 potions of curing {unknown}
 j - a potion of berserk rage {unknown}

Dungeon Overview and Level Annotations

Branches:
Dungeon (4/15)
 Temple: D:4-7

Altars:

Shops:
D:1 :


Message History

Enter note: An ogre comes into view. It is wielding a +0 giant club.
Enter note:
Enter note: You throw a boomerang.
The boomerang hits the ogre but does no damage.
You throw a boomerang. The boomerang hits the ogre.
The ogre is lightly wounded.
You throw a boomerang. The boomerang hits the ogre.
The ogre is moderately wounded.
You barely miss the ogre.
The ogre is moderately wounded.
The ogre hits you with a +0 giant club!
You barely miss the ogre.
The ogre is moderately wounded.
The ogre hits you with a +0 giant club.
You slash the ogre!
The ogre is severely wounded.
You barely miss the ogre.
The ogre is severely wounded.
You block the ogre's attack.
You hit the ogre.
The ogre is severely wounded.
The ogre closely misses you.
You hit the ogre but do no damage.
The ogre is severely wounded.
The ogre hits you but does no damage.
You hit the ogre.
The ogre is almost dead.
You block the ogre's attack.
You barely miss the ogre.
The ogre is almost dead.
The ogre hits you with a +0 giant club!
You barely miss the ogre.
The ogre is almost dead.
You hear the slow rusting of a distant drain.
The ogre hits you with a +0 giant club!!
You feel threatened and lose the ability to drink potions!
Ouch! That really hurt!
You die...

#g #.# #.##.# #..#.#
######...###
#........... .
#....(...... ...##
#....%.....)
#....#######...........
#.O@................
#####.............>.
#...............
#...............
#...............
#........#######
#........# #........#
#........#


You could see an ogre.

Vanquished Creatures
  4 gnolls (D:3)
  4 adders (D:2)
  An ufetubus (D:3)
  2 worms
  A dart slug (D:3)
  4 ball pythons
  4 bats
  5 endoplasms
  7 giant cockroaches
  5 goblins
  7 hobgoblins
  9 jackals
  6 quokkas
  2 frilled lizards
  4 kobolds
  5 rats
70 creatures vanquished.

Notes
Turn   | Place    | Note
-------+----------+-------------------------------------------
     0 | D:1      | qw the Gargoyle Fighter began the quest for the Orb.
     0 | D:1      | Reached XP level 1. HP: 14/14 MP: 1/1
     0 | D:1      | 0 ||| qw: Version: 0.2-a-103-g5a998e5
     0 | D:1      | 0 ||| qw: Game counter: 1049
     0 | D:1      | 0 ||| qw: Always use a shield: true
     0 | D:1      | 0 ||| qw: God list: Okawaru
     0 | D:1      | 0 ||| qw: Allow faded altars: false
     0 | D:1      | 0 ||| qw: Do Orc after D:15 true
     0 | D:1      | 0 ||| qw: Do second Lair branch before Depths: true
     0 | D:1      | 0 ||| qw: Lair rune preference: random
     0 | D:1      | 0 ||| qw: Plans: Normal, Zot:1-4, Slime:5, God:TSO, Crypt,
                  | Tomb, Pan, Hells, Abyss, Win
     0 | D:1      | 0 ||| PLANNING D:1-11
    46 | D:1      | Reached skill level 2 in Axes
    72 | D:1      | 72 ||| Stepping ~*~*~tactically~*~*~ (hiding).
    79 | D:1      | 79 ||| Stepping ~*~*~tactically~*~*~ (hiding).
   152 | D:1      | 152 ||| Stepping ~*~*~tactically~*~*~ (stealth).
   157 | D:1      | Reached XP level 2. HP: 19/19 MP: 2/2
   157 | D:1      | 157 ||| Stepping ~*~*~tactically~*~*~ (stealth).
   468 | D:1      | Reached skill level 3 in Axes
   481 | D:1      | Reached XP level 3. HP: 22/23 MP: 3/3
   642 | D:1      | Found Eckeyso's Book Boutique.
   671 | D:1      | 671 ||| UPGRADING to ring of positive energy.
   672 | D:1      | 672 ||| READING 2 scrolls labelled FIX KYDARCHE.
   673 | D:1      | 673 ||| DROPPING scroll of amnesia.
  1041 | D:2      | Reached XP level 4. HP: 28/28 MP: 4/4
  1112 | D:2      | 1112 ||| Stepping ~*~*~tactically~*~*~ (stealth).
  1187 | D:2      | Reached skill level 4 in Axes
  1205 | D:2      | Identified the amulet of Iseokhla {Rampage *Corrode rPois
                  | Regen+ Dex+5}
  1813 | D:2      | 1813 ||| UPGRADING to +0 chain mail.
  1823 | D:2      | 1823 ||| DROPPING +0 scale mail.
  1824 | D:2      | 1824 ||| UPGRADING to amulet of Iseokhla {Rampage *Corrode
                  | rPois Regen+ Dex+5}.
  1829 | D:2      | 1829 ||| UPGRADING to +6 ring of dexterity.
  1830 | D:2      | 1830 ||| READING scroll labelled PEOBAKAQUU.
  1831 | D:2      | 1831 ||| READING 2 scrolls labelled YDIBIT PAYMMA.
  1836 | D:2      | 1836 ||| READING scroll labelled JOEKEB ZUME.
  1837 | D:2      | 1837 ||| DRINKING 2 sapphire potions.
  1838 | D:2      | 1838 ||| DROPPING potion of flight.
  2056 | D:3      | 2056 ||| Stepping ~*~*~tactically~*~*~ (hiding).
  2067 | D:3      | Reached skill level 1 in Dodging
  2067 | D:3      | Reached XP level 5. HP: 20/32 MP: 5/5
  2099 | D:3      | 2099 ||| Stepping ~*~*~tactically~*~*~ (stealth).
  2101 | D:3      | 2101 ||| Stepping ~*~*~tactically~*~*~ (hiding).
  2102 | D:3      | 2102 ||| Stepping ~*~*~tactically~*~*~ (hiding).
  2234 | D:3      | Identified the amulet of Souriqed {Faith Regen+}
  2324 | D:3      | 2324 ||| DROPPING +0 whip.
  2548 | D:3      | 2548 ||| UPGRADING to amulet of Souriqed {Faith Regen+}.
  2558 | D:3      | 2558 ||| DROPPING amulet of Iseokhla {Rampage *Corrode
                  | rPois Regen+ Dex+5}.
  2559 | D:3      | 2559 ||| READING 2 scrolls labelled QOKOIPHIETU.
  2560 | D:3      | 2560 ||| DRINKING 2 fizzy purple potions.
  2560 | D:3      | Gained mutation: You occasionally lose the ability to drink
                  | potions when taking damage. [potion of mutation]
  2560 | D:3      | Gained mutation: Your magical capacity is low. (-10% MP)
                  | [potion of mutation]
  2560 | D:3      | Gained mutation: You have large cloven feet. [potion of
                  | mutation]
  2561 | D:3      | 2561 ||| DRINKING potion of mutation.
  2561 | D:3      | Lost mutation: Your magical capacity is low. (-10% MP)
                  | [potion of mutation]
  2561 | D:3      | Lost mutation: You have large cloven feet. [potion of
                  | mutation]
  2561 | D:3      | Gained mutation: You are strong-willed. (Will+) [potion of
                  | mutation]
  2561 | D:3      | Gained mutation: You are vulnerable to cold. (rC-) [potion
                  | of mutation]
  2617 | D:4      | 2617 ||| PLANNING SEWER
  2637 | D:4      | 2637 ||| Stepping ~*~*~tactically~*~*~ (stealth).
  2771 | D:4      | 2771 ||| Stepping ~*~*~tactically~*~*~ (stealth).
  2772 | D:4      | 2772 ||| Stepping ~*~*~tactically~*~*~ (stealth).
  2788 | D:4      | Identified the +4 plate armour "Duekhoish" {+Blink rF+ rC+}
  2793 | D:4      | Noticed an ogre
  2806 | D:4      | Mangled by an ogre

Levels and vault maps discovered:
D:1:      lemuel_arrival_lava_pool, layout_basic, serial_shops, shop,
          minmay_misc_feat_iff, corexii_item_surrounded_by_moat,
          serial_bayou_lake_a
D:2:      layout_basic, minmay_misc_feat_cross, kennysheep_generic_room_3
D:3:      layout_basic, lemuel_flame_loot_1
D:4:      layout_basic, cheibrodos_sewer_entry_sluice, serial_shops,
          nicolae_shop_pleasant_corner_grove, grunt_ministairs_13

Skill      XL: |  1  2  3  4 |
---------------+-------------+-----
Axes           | 2 3 4 |  4.6
Dodging        | 1 |  1.2
Fighting       | |  3.2
Armour         | |  3.2
Shields        | |  3.2

Action                     |  1- 3 |  4- 6 || total
---------------------------+-------+-------++-------
  Melee: War axe           |    77 |    96 ||   173
  Throw: Boomerang         |     3 |    45 ||    48
    Use: Scroll            |     1 |     4 ||     5
         Potion            |       |     3 ||     3
 Armour: Scale mail        |    38 |    16 ||    54
         Chain mail        |       |    38 ||    38
  Dodge: Dodged            |    49 |    35 ||    84
  Block: Buckler           |     9 |    16 ||    25

Table legend:
 A = Non-vault XP
 B = Vault XP
 C = Vault XP percentage of total XP
 D = Non-vault monster count
 E = Vault monster count
 F = Vault count percentage of total count
                 A         B        C        D         E       F
            +---------+---------+-------+---------+---------+-------
      Total |     230 |       2 |   0.9 |      69 |       1 |   1.4
            +---------+---------+-------+---------+---------+-------
        D:1 |      36 |       0 |   0.0 |      21 |       0 |   0.0
        D:2 |      89 |       2 |   2.2 |      24 |       1 |   4.0
        D:3 |      86 |       0 |   0.0 |      16 |       0 |   0.0
        D:4 |      19 |       0 |   0.0 |       8 |       0 |   0.0
            +---------+---------+-------+---------+---------+-------
